[Event "Early-Titled-Tuesday-Blitz-February-13-2024"]
[Site "Chess.com"]
[Date "2024.02.13"]
[Round "11"]
[White "NastyaHn"]
[Black "yaguigor"]
[Result "1-0"]
[WhiteElo "2405"]
[BlackElo "2634"]
[TimeControl "180+1"]
[EndTime "10:11:53 PST"]
[Termination "NastyaHn won on time"]

1. Nc3 d5 2. e4 d4 3. Nce2 e5 4. Nf3 f6 5. Ng3 Be6 6. Bb5+ Nd7 7. Ba4 c5 8. O-O a6 9. d3 b5 10. Bb3 c4 11. dxc4 bxc4 12. Ba4 Rc8 13. Nh4 g6 14.
Nf3 Bc5 15. c3 d3 16. b3 h5 17.
bxc4 h4 18. Nh1 Bxc4 19. Nd2 Be6 20. Nb3 Ba7 21. Qxd3 Bc4 22. Qxd7+ Qxd7 23. Bxd7+ Kxd7 24. Rd1+ Ke6 25. Be3 Bxe3 26. fxe3 Ne7 27. Nf2 f5 28. Rab1 Rhd8 29. Nc5+ Kf7 30. Nb7 Rxd1+ 31. Rxd1 Rc7 32. Nd6+ Ke6 33. exf5+ gxf5 34. e4 Bxa2 35. exf5+ Nxf5 36. Nde4 Rc6 37. Ng5+ Ke7 38. Nfe4 Ne3 39. Ra1 Bc4 40.
Kf2 Nd5 41. Nf3 h3 42. Nxe5 Re6 43. Nxc4 Rxe4 44. Nd2 Rf4+ 45. Nf3 hxg2 46. Kxg2 Nxc3 47. Rxa6 Nd5 48. Ra7+ Ke6 49. Kg3 Rb4 50. h4 Nf6 51.
Ra6+ Kf5 52. Ra5+ Ke6 53. Re5+ Kf7 54. Ra5 Ne4+ 55. Kg2 Rb2+ 56. Kh3 Rb3 57. Kg4 Nf2+ 58. Kg3 Nd3 59. Kg4 Nf2+ 60. Kg3 Nd1 61. Kg4 Rb4+ 62. Kg5 Ne3 63. Ne5+ Ke6 64. h5 Rb8 65. h6 Rg8+ 66. Ng6 Nd5 67. h7 Rb8 68. h8=Q Rxh8 69. Nxh8 Kd6 70. Ng6 Nc3 71. Kf5 Nd5 72. Nf4 Nb6 73.
Ke4 Kc6 74. Ra6 Kb5 75. Ra1 Kc5 76. Ne6+ Kc6 77. Ra6 Kb5 78. Ra1 Nc4 79. Nd4+ 1-0

[Event "Early-Titled-Tuesday-Blitz-February-13-2024"]
[Site "Chess.com"]
[Date "2024.02.13"]
[Round "11"]
[White "blitzking1729"]
[Black "starworld123"]
[Result "1/2-1/2"]
[WhiteElo "2728"]
[BlackElo "2837"]
[TimeControl "180+1"]
[EndTime "10:11:54 PST"]
[Termination "Game drawn by repetition"]

1. c4 e6 2. Nf3 d5 3. e3 Nf6 4. Nc3 a6 5. b3 b6 6. Bb2 Bb7 7.
cxd5 exd5 8. g3 Nbd7 9. Bg2 Bd6 10. O-O O-O 11. Ne2 Nc5 12. d3 a5 13. Nf4 a4 14. b4 Ne6 15. a3 c5 16. bxc5 bxc5 17. Rb1 Nxf4 18. gxf4 Ba6 19. Kh1 c4 20. dxc4 Bxc4 21. Rg1 Ne4 22. Qe1 f6 23. Nd2 Bd3 24. Rd1 Qe7 25. Nxe4 Bxe4 26. Rxd5 Bxa3 27. Bxa3 Bxg2+ 28. Rxg2 Qxa3 29. Rd7 Rf7 30. Qd1 Raf8 31. Rg1 Qb3 32.
Qg4 Kh8 33. Rxf7 Qxf7 34. f5 Qd5+ 35. Rg2 Qb7 36. Qxa4 Ra8 37. Qd1 Qe4 38. h3 Qxf5 39. Qg4 Ra1+ 40. Kh2 Qxg4 41. hxg4 h6 42. Kg3 Ra5 43. f3 Re5 44. e4 Kh7 45. Rd2 Rc5 46. Rd7 Rc1 47. Kg2 Kg6 48. Rd5 Rc2+ 49. Kg3 Re2 50.
Rc5 Re3 51. Rd5 Rc3 52. Kg2 Kf7 53. Rd7+ Kg6 54. Rd5 Rc1 55. Rb5 Rd1 56. Rc5 Rd3 57.
Kg3 Rd6 58. Kg2 Rb6 59. Kg3 Rb7 60. e5 Kf7 61. exf6 Kxf6 62. Rf5+ Kg6 63. Rc5 Rb1 64. Rc6+ Kh7 65. Kf4 Rb5 66. Kg3 Rb4 67. Rc5 Rb3 68.
Kf4 Rd3 69. Kg3 Rd6 70. Rb5 Rf6 71. Ra5 Kg6 72. f4 Rc6 73. Kh4 Rc1 74. Ra6+ Kh7 75. f5 Rg1 76. Ra5 Rh1+ 77. Kg3 Rg1+ 78. Kh4 Rf1 79. Ra7 Rf2 80. Kg3 Rf1 81. Kg2 Rf4 82.
Kg3 Rf1 83. Kg2 Rf4 84. Kg3 Rf1 1/2-1/2

[Event "Early-Titled-Tuesday-Blitz-February-13-2024"]
[Site "Chess.com"]
[Date "2024.02.13"]
[Round "11"]
[White "Lady_Nika"]
[Black "ploxoi"]
[Result "1-0"]
[WhiteElo "2585"]
[BlackElo "2446"]
[TimeControl "180+1"]
[EndTime "10:12:01 PST"]
[Termination "Lady_Nika won by resignation"]

1. d4 d5 2. e3 Nf6 3. f4 c5 4.
Nf3 Nc6 5. c3 Bf5 6. Bd3 g6 7.
O-O Bg7 8. Qc2 Bxd3 9. Qxd3 c4 10. Qe2 Ne4 11. Nbd2 f5 12. Nxe4 fxe4 13. Ng5 Qd7 14. f5 O-O 15. fxg6 hxg6 16. Bd2 Bh6 17. Nh3 e5 18. Rxf8+ Rxf8 19. Rf1 b5 20. Rxf8+ Kxf8 21. Be1 exd4 22. exd4 Ne7 23. Bg3 Qf5 24. Bd6 e3 25. g4 Qb1+ 26. Qf1+ Qxf1+ 27. Kxf1 e2+ 28. Kxe2 Bc1 29. Ba3 Kf7 30. Kd1 Be3 31. Ke2 Bc1 32. Ng1 Nc6 33. Nf3 Ke6 34. Kd1 Bf4 35. Bc5 a5 36. h4 a4 37. Ke2 Bc1 38. Ba3 Bf4 39. Kd1 Nd8 40. Bf8 Nf7 41. h5 gxh5 42. gxh5 Kf5 43. Ne1 Kg4 44. Nc2 Kf5 45. Na3 b4 46. Bxb4 Kg5 47. Nc2 Kxh5 48. Be7 Kg4 49. Nb4 a3 50. bxa3 Kf5 51. Nxd5 Bb8 52. Kc2 Ke4 53. Nb6 Nh6 54. Nxc4 Kd5 55. Ne3+ Kc6 56. a4 Nf7 57. a5 Bc7 58. Bb4 Nd8 59. Kb3 Nb7 60. a6 Nd8 61. Bc5 Bh2 62. Kb4 Bf4 63. d5+ Kc7 64. Nc4 Kb8 65. Kb5 Ka8 66. Nb6+ Kb8 67. Nd7+ Ka8 68. a7 Bc7 69. Ka6 Nb7 70. d6 Bd8 71.
Bb4 Nxd6 72. Bxd6 Bc7 73. Bb4 Bd8 74. Kb5 Kxa7 75. c4 Kb7 76. Ne5 Bc7 77. Nd3 Bb6 78.
c5 1-0

[Event "Early-Titled-Tuesday-Blitz-February-13-2024"]
[Site "Chess.com"]
[Date "2024.02.13"]
[Round "11"]
[White "atomicmate123"]
[Black "Kotlyar_K"]
[Result "1-0"]
[WhiteElo "2394"]
[BlackElo "2512"]
[TimeControl "180+1"]
[EndTime "10:12:06 PST"]
[Termination "atomicmate123 won by checkmate"]

1. e4 e5 2. Nf3 Nc6 3. Bc4 Nf6 4. d3 Be7 5. c3 O-O 6. Nbd2 d6 7. Nf1 Kh8 8. Ng3 Na5 9. Bb5 a6 10. Ba4 b5 11. Bc2 Ng8 12. b4 Nc6 13. Bb3 Be6 14. Be3 a5 15. a3 a4 16. Bxe6 fxe6 17. O-O d5 18. d4 Bf6 19. dxe5 Nxe5 20. Nxe5 Bxe5 21.
Qd3 c6 22. f4 Bc7 23. e5 Bb6 24. Bxb6 Qxb6+ 25. Qd4 Qc7 26. f5 exf5 27. Nxf5 Rae8 28. Nd6 Rd8 29. Rxf8 Rxf8 30. Rf1 Rxf1+ 31. Kxf1 Nh6 32.
Qf4 Kg8 33. g4 Nf7 34. Ke2 Qe7 35. Nxf7 Qxf7 36. Qf5 Qe8 37. Ke3 g6 38. Qf6 Qc8 39. e6 Qc7 40. Kd4 Qb6+ 41. Ke5 Qc7+ 42. Kd4 Qb6+ 43.
Kd3 Qc7 44. e7 Qc8 45. h3 Qe8 46. Kd4 Qf7 47. Qd6 Qf2+ 48. Ke5 Qe3+ 49. Kf6 Qxc3+ 50. Ke6 Qe3+ 51. Kd7 Kf7 52. Kd8 Qg5 53. Qd7 h5 54. Qe8+ Ke6 55. Qg8+ Kd6 56. Qf8 hxg4 57. hxg4 d4 58.
Qg7 Ke6 59. Ke8 d3 60. Qf7+ Kd6 61. Kf8 Qh6+ 62. Qg7 Qf4+ 63. Kg8 Qe4 64. Qf6+ Kd7 65. Kf8 d2 66. Qf7 Kd6 67. e8=Q Qxe8+ 68. Qxe8 d1=Q 69.
Qd8+ Ke6 70. Qxd1 Kf6 71. Qd4+ Kg5 72. Kg7 Kh4 73. Kh6 Kg3 74. Kg5 Kh3 75. Qd3+ Kg2 76. Kf4 Kh2 77. Qd2+ Kg1 78. Kg3 Kh1 79. Qh2# 1-0

[Event "Early-Titled-Tuesday-Blitz-February-13-2024"]
[Site "Chess.com"]
[Date "2024.02.13"]
[Round "11"]
[White "DvaHrasta"]
[Black "Al_Shima"]
[Result "1/2-1/2"]
[WhiteElo "2490"]
[BlackElo "2375"]
[TimeControl "180+1"]
[EndTime "10:12:10 PST"]
[Termination "Game drawn - insufficient material"]

1. c4 e5 2. g3 Nf6 3. Bg2 c6 4. Nf3 e4 5. Nd4 d5 6. cxd5 Bc5 7. Nb3 Bb6 8. dxc6 Nxc6 9. Nc3 Bf5 10. O-O O-O 11.
a4 Re8 12. a5 Nxa5 13. Nxa5 Bxa5 14. Qa4 Bb6 15. b4 h6 16. b5 Qd7 17. Qb3 Rad8 18.
Na4 Bd4 19. Bb2 Bxb2 20. Nxb2 Qxd2 21. Rfe1 Be6 22. Qa3 Bd5 23. Rad1 Qg5 24. Qxa7 Ra8 25. Qd4 Red8 26. h4 Qf5 27. Na4 Rac8 28. Nc3 Qe6 29.
f3 Bb3 30. Qxd8+ Rxd8 31. Rxd8+ Kh7 32. Kh2 exf3 33. Bxf3 Qe3 34. Rd3 Qf2+ 35. Bg2 Qxe1 36. Ne4 Nxe4 37. Bxe4+ g6 38. Rxb3 Qxe2+ 39. Bg2 Qe7 40.
b6 h5 41. Rc3 Qd6 42. Rc7 Qxb6 43. Rxf7+ Kg8 44. Rxb7 Qf2 45. Rb4 Kh7 46. Rf4 Qd2 47. Kg1 Kh6 48. Rf2 Qe1+ 49. Bf1 Qe3 50. Kg2 g5 51. hxg5+ Kxg5 52. Rf3 Qe4 53. Bd3 Qd4 54. Be2 Qb2 55. Rf2 Qd4 56. Bf3 Qe3 57. Re2 Qc3 58. Re4 Qd2+ 59. Re2 Qd6 60. Kf2 h4 61. gxh4+ Kxh4 62. Re4+ Kg5 63. Rg4+ Kf5 64. Re4 Qd2+ 65. Re2 Qd4+ 66. Kg2 Qh4 67. Rf2 Kg5 68. Be2 Qe4+ 69.
Kg1 Qe3 70. Kf1 Kh4 71. Rf3 Qc1+ 72. Kf2 Qc5+ 73. Kg2 Qg5+ 74. Kf1 Qc5 75. Rd3 Kg5 76. Bf3 Kf4 77. Be2 Qc1+ 78. Kg2 Qe1 79. Rf3+ Kg5 80.
Rf2 Qb4 81. Bf3 Qc3 82. Re2 Kh4 83. Re4+ Kg5 84. Rg4+ Kf5 85. Re4 Qd2+ 86. Re2 Qg5+ 87. Kf1 Qg3 88. Rf2 Ke5 89. Bg2 Kd4 90. Re2 Kd3 91. Be4+ Kd4 92. Bg2 Qd3 93. Kf2 Qf5+ 94. Bf3 Qf4 95. Re4+ Qxe4 96. Bxe4 1/2-1/2

[Event "Early-Titled-Tuesday-Blitz-February-13-2024"]
[Site "Chess.com"]
[Date "2024.02.13"]
[Round "11"]
[White "Mikhail_Golubev"]
[Black "Barmen_EV"]
[Result "1-0"]
[WhiteElo "2681"]
[BlackElo "2516"]
[TimeControl "180+1"]
[EndTime "10:12:20 PST"]
[Termination "Mikhail_Golubev won by resignation"]

1. e4 c5 2. Nf3 Nc6 3. Nc3 e5 4.
Bc4 Nf6 5. Ng5 d5 6. exd5 Na5 7. Bb5+ Bd7 8. Qe2 Be7 9. Bxd7+ Qxd7 10. Nf3 O-O 11.
Nxe5 Qf5 12. O-O Bd6 13. Nf3 Rfe8 14. Qd1 Ng4 15. d3 Qh5 16. h3 Nf6 17. Bd2 b6 18.
Nb5 Nb7 19. Nxd6 Nxd6 20. c4 h6 21. Bc3 Nd7 22. Qd2 Qf5 23. Rae1 b5 24. b3 b4 25. Bb2 a5 26. Rxe8+ Rxe8 27. Re1 Rxe1+ 28. Nxe1 Ne5 29. Qe3 f6 30. Qxc5 Ndf7 31. Qe3 a4 32. Qe4 Qh5 33. Nf3 Nd6 34. Qe3 Nf5 35. Qe4 Nd6 36. Qe2 a3 37. Bxe5 fxe5 38. Qxe5 Qg6 39. Qe6+ Qxe6 40. dxe6 Kf8 41.
Nd4 Ke7 42. Nc6+ Kxe6 43. Nxb4 Nf5 44. Nc2 Ke5 45. Kf1 g5 46. Ke2 Kf4 47. g3+ Ke5 48. d4+ Ke4 49. d5 Ke5 50. Kd3 h5 51. Nxa3 h4 52. g4 Nh6 53. Nc2 Nxg4 54. hxg4 h3 55. Ne1 Kf4 56. d6 h2 57. d7 h1=Q 58. d8=Q Qxe1 59.
Qf6+ Kxg4 60. f3+ Kh3 61. Qh6+ Kg2 62. Qxg5+ Kxf3 63. Qf5+ Kg3 64. Qe4 Qb1+ 65. Kd4 Qb2+ 66. Kd5 Qxa2 67. Qd3+ Kf4 68. c5 Qa8+ 69. c6 Qd8+ 70. Kc4 Qg8+ 71. Qd5 Qb8 72. Qd4+ Kf5 73. Qd5+ Kf4 74. Qd4+ Kf5 75. Qd7+ Ke5 76. c7 Qg8+ 77. Kc5 Qg1+ 78. Kc6 Qg2+ 79. Kb6 Qf2+ 80. Kb7 Qf3+ 81. Ka7 Qe3+ 82. Kb8 Qxb3+ 83. Kc8 Qg8+ 84. Qd8 Qe6+ 85.
Kb7 Qb3+ 86. Kc8 Qe6+ 87. Qd7 Qg8+ 88. Kb7 Qb3+ 89. Ka7 Qa3+ 90. Kb6 Qe3+ 91. Kb7 Qb3+ 92. Ka6 Qa3+ 93. Kb6 Qb3+ 94. Qb5+ Qxb5+ 95. Kxb5 Kd6 96. Kb6 Kd7 97. Kb7 Ke6 98. c8=Q+ 1-0

[Event "Early-Titled-Tuesday-Blitz-February-13-2024"]
[Site "Chess.com"]
[Date "2024.02.13"]
[Round "11"]
[White "Statham_01"]
[Black "agvania123"]
[Result "0-1"]
[WhiteElo "2552"]
[BlackElo "2387"]
[TimeControl "180+1"]
[EndTime "10:12:50 PST"]
[Termination "agvania123 won by checkmate"]

1. e4 d5 2. exd5 Qxd5 3. Nf3 Nf6 4. d4 Bg4 5. Be2 e6 6. c4 Qd8 7. Nc3 c6 8. Be3 Nbd7 9. h3 Bh5 10. Ne5 Bxe2 11.
Qxe2 Nxe5 12. dxe5 Nd7 13. O-O-O Qa5 14. f4 O-O-O 15. Kb1 Be7 16. Ne4 Nc5 17. Bxc5 Bxc5 18. g4 Be7 19. Rxd8+ Rxd8 20. Rd1 Rxd1+ 21. Qxd1 Qd8 22. Qe2 Qd4 23. Kc2 Kc7 24. a3 a5 25.
Qd3 Qg1 26. Nd6 Qf2+ 27. Kb1 Qxf4 28. Ne8+ Kc8 29. Qc3 Kd7 30. Nxg7 Qe4+ 31. Ka2 Qg6 32. Nh5 a4 33. Qd4+ Kc7 34. Qc3 Qe4 35. Ng3 Qf4 36.
Ne2 Qf2 37. Nc1 b6 38. Nd3 Qe3 39. Qc2 c5 40. h4 Bxh4 41. Nc1 Qxe5 42. Ne2 Bf6 43.
Nc3 Qf4 44. Nb5+ Kd8 45. Qxa4 Qb8 46. Qb3 Be5 47. Qd3+ Ke7 48. Qxh7 Qd8 49. Qh4+ Bf6 50. g5 Be5 51. Qe4 Qb8 52. g6 fxg6 53. Qxg6 Qf8 54. Qh7+ Qf7 55. Qh4+ Qf6 56. Qxf6+ Bxf6 57. Kb3 Kd7 58. Kc2 Kc6 59. b3 Bg7 60. Kd3 Bf6 61. Ke4 Bg7 62. a4 Bf6 63. Na7+ Kb7 64. Nb5 Kc6 65. Na3 Bg7 66. Nb1 Bf6 67. Nd2 Bd4 68. Nf3 Bf6 69. Nh2 Kd6 70. Ng4 Bg7 71. Nf2 Kc6 72. Ng4 Kd6 73. Ne3 Kc6 74. Nc2 Kd6 75.
Ne1 Kc6 76. Nd3 Kd6 77. Nf4 Bb2 78. Nh5 Bh8 79. Nf4 Bg7 80. Ng6 Kc6 81. Kf4 Kd6 82. Kg5 Bc3 83. Nh4 Ke5 84. Ng6+ Kd4 85. Ne7 e5 86.
Nc8 Ba5 87. Kg4 e4 88. Kf4 e3 89. Kf3 Kd3 90. Ne7 e2 91. Nd5 e1=Q 92. Nf4+ Kc3 93. Nd5+ Kxb3 94. Kf4 Qd2+ 95. Kf5 Qxd5+ 96. cxd5 b5 97.
d6 bxa4 98. d7 c4 99. Ke5 c3 100. Kd5 c2 101. Kc6 c1=Q+ 102. Kb5 Qd2 103. Ka6 Qxd7 104. Kxa5 a3 105. Kb6 a2 106. Kc5 a1=Q 107. Kb6 Qaa7# 0-1

[Event "Early-Titled-Tuesday-Blitz-February-13-2024"]
[Site "Chess.com"]
[Date "2024.02.13"]
[Round "11"]
[White "Elnaz_Kaliakhmet"]
[Black "deribas12345"]
[Result "1/2-1/2"]
[WhiteElo "2386"]
[BlackElo "2603"]
[TimeControl "180+1"]
[EndTime "10:13:04 PST"]
[Termination "Game drawn by 50-move rule"]

1. d4 Nf6 2. c4 c5 3. d5 b5 4. cxb5 a6 5. e3 d6 6. Nc3 g6 7. Nf3 Bg7 8. a4 O-O 9. Ra3 Nbd7 10. Be2 axb5 11. Bxb5 Ba6 12. O-O Bxb5 13. Nxb5 Nb6 14. Nc3 Qd7 15. b3 Qf5 16. Nh4 Qe5 17. Bb2 Nfxd5 18.
Nxd5 Qxd5 19. Qxd5 Nxd5 20. Bxg7 Kxg7 21. a5 Ra6 22.
Nf3 Nb4 23. Nd2 Rfa8 24. Nc4 d5 25. Nd2 Rxa5 26. Rxa5 Rxa5 27. g3 Nd3 28. Nf3 Rb5 29. Rb1 e5 30. Kf1 e4 31. Nd2 Ra5 32. Ke2 Ra2 33. f3 f5 34. g4 Kf6 35. gxf5 gxf5 36.
fxe4 fxe4 37. Rf1+ Ke5 38. Rf7 Ra1 39. Nf1 d4 40.
Re7+ Kd5 41. exd4 cxd4 42. Rd7+ Kc5 43. Re7 Nf4+ 44. Kf2 e3+ 45. Nxe3 dxe3+ 46. Rxe3 Kd4 47. Re7 h5 48. b4 h4 49. Kf3 Rf1+ 50. Kg4 Nd5 51.
Rd7 Rf4+ 52. Kg5 Re4 53. h3 Ke5 54. Rh7 Rxb4 55. Rxh4 Rb8 56. Ra4 Rg8+ 57. Kh6 Kf5 58. Kh7 Rg3 59. Ra5 Rxh3+ 60. Kg7 Ke6 61. Ra6+ Ke5 62. Ra5 Rg3+ 63. Kf7 Rf3+ 64. Kg6 Rb3 65. Rc5 Kd4 66. Ra5 Rf3 67. Ra4+ Ke5 68. Ra5 Rg3+ 69. Kf7 Rh3 70. Kg6 Kd6 71. Ra6+ Kd7 72. Ra7+ Nc7 73.
Rb7 Kd6 74. Rb6+ Ke5 75. Rb7 Rg3+ 76. Kf7 Nd5 77. Rb5 Rf3+ 78. Kg6 Rf6+ 79. Kg5 Rf8 80. Kg6 Ke6 81. Ra5 Rg8+ 82. Kh7 Rg1 83. Ra6+ Kf5 84. Ra5 Ke6 85. Ra6+ Kf7 86. Kh6 Ne7 87. Kh5 Nf5 88.
Ra7+ Kf6 89. Ra6+ Ke5 90. Ra5+ Ke4 91. Ra4+ Nd4 92. Rb4 Kf5 93. Kh4 Rg4+ 94. Kh3 Rf4 95. Rc4 Rf3+ 96. Kg2 Rf4 97. Rc5+ Kg4 98. Rc4 Re4 99.
Rb4 Re2+ 100. Kf1 Rd2 101. Ra4 Kf3 102. Ra3+ Ke4 103. Ke1 Re2+ 104. Kd1 Rh2 105. Ra4 Kd5 106. Ra5+ Kc4 107. Rg5 Nf3 108. Rg3 Rd2+ 109. Kc1 Rd3 1/2-1/2

[Event "Early-Titled-Tuesday-Blitz-February-13-2024"]
[Site "Chess.com"]
[Date "2024.02.13"]
[Round "11"]
[White "Iskusnyh"]
[Black "mbojan"]
[Result "1-0"]
[WhiteElo "2674"]
[BlackElo "2845"]
[TimeControl "180+1"]
[EndTime "10:13:21 PST"]
[Termination "Iskusnyh won on time"]

1. d4 a6 2. e4 e6 3. Nf3 d5 4. e5 c5 5. c3 Bd7 6. Bd3 cxd4 7. cxd4 Bb5 8. O-O Nc6 9. Nc3 Bxd3 10. Qxd3 Nge7 11.
a3 Nf5 12. Bf4 Be7 13. g4 Nh4 14. Nxh4 Bxh4 15. Be3 O-O 16. f4 f5 17. g5 h6 18.
gxh6 g6 19. Kh1 Kh7 20. Rg1 Rg8 21. Na4 Be7 22. Bf2 Rc8 23. b4 Qf8 24. Nc5 Bxc5 25. bxc5 Qxh6 26. Qf3 Kg7 27. Rab1 Rc7 28. Rg5 Rh8 29.
Qg2 Kf7 30. Rg1 Ne7 31. Be1 Rcc8 32. Qb2 Qh3 33. R5g3 Qh5 34. Qg2 Rh7 35. Rg5 Qh3 36. Qxh3 Rxh3 37. Bg3 Nc6 38. Bf2 Rch8 39. R1g2 R8h6 40.
Bg1 Rb3 41. R5g3 Rb1 42. Rd2 Rh4 43. Rdg2 Rg4 44. Rxg4 fxg4 45. Rd2 Rb3 46. Kg2 Rxa3 47. Rb2 Nd8 48. Rb6 Ke7 49. Bf2 Ra5 50. Bh4+ Ke8 51.
Bxd8 Kxd8 52. Rxb7 Ra4 53. Rb6 Ke7 54. Rb7+ Ke8 55.
Rb6 Kd7 56. Rd6+ Ke7 57. c6 Rxd4 58. Rd7+ Ke8 59. Ra7 Rc4 60. Rxa6 Kd8 61. Kg3 Kc7 62. Kxg4 Rxc6 63. Ra7+ Kd8 64. Kg5 Rc4 65. Kf6 Rxf4+ 66.
Kxe6 d4 67. Kd6 Kc8 68. e6 d3 69. e7 Re4 70. Ra4 Re1 71. Rd4 Re3 72. Rd5 g5 73. Rc5+ Kb7 74. Re5 Rxe5 75. Kxe5 d2 76. e8=Q d1=Q 77.
Qe7+ Kc6 78. Qf6+ Kc5 79. Qxg5 Kc6 80. h4 Qd5+ 81. Kf6 Qd6+ 82. Kf7 Qd7+ 83. Qe7 Qg4 84. Qf6+ Kb7 85. Qg5 Qc4+ 86. Kg7 Qc3+ 87. Qf6 Qg3+ 88. Kf8 Qb8+ 89. Kf7 Qh2 90. Qe7+ Ka8 91. Qe8+ Ka7 92.
Qe7+ Ka8 93. Qg5 Qc7+ 94. Kg8 Qc8+ 95. Kg7 Qc7+ 96. Kg6 Qd6+ 97. Qf6 Qd3+ 98. Kg7 Qd7+ 99.
Kg8 Qd5+ 100. Kf8 Qc5+ 101. Qe7 Qc7 102. h5 Qf4+ 103. Kg7 Qg4+ 104. Kh6 Qf4+ 105. Qg5 Qf8+ 106. Kh7 Qf7+ 107. Kh8 Qc7 108. Qg8+ Kb7 109. Qg7 Ka8 110. Qf8+ Kb7 111. h6 Qc3+ 112. Qg7+ Qc7 113. Qxc7+ Ka8 114. Qd7 1-0